AoeStats
← REHBITSCH4

Arena

510356501Analyzed
2v2 RM · 2d ago on Sep 30, 2026· 42m 4s· 4 players
Game mode
Random Map
Map size
Medium (4 player)
Population
200
Speed
Normal
Resources
Standard
Victory
Conquest
Starting age
Dark Age
Ending age
Imperial Age
RankedLock teamsTeams togetherTeam positionsShared explorationLock speedFull tech treeHidden civsTurbo modeCheats
Victory
Defeat
🇬🇧 Britons · United Kingdom
805
+11
🇪🇸 Gurjaras · Spain
804
+29
🇺🇸 Danes · United States
727
-12
🇩🇪 Celts · Germany
666
-10
FatalDreamz7
REHBITSCH4
9:21 Feudal Age
9:50 Double-Bit Axe
9:47 Horse Collar
12:32 Wheelbarrow
17:37 Castle Age
18:28 Pikeman
20:41 Hand Cart
33:26 Ballistics
33:48 Gold Mining
38:08 Imperial Age
37:00 Bow Saw
39:11 Onager
CristianDior
13:15 Feudal Age
14:36 Wheelbarrow
13:48 Town Watch
13:46 Horse Collar
13:54 Double-Bit Axe
14:02 Gold Mining
14:05 Stone Mining
19:06 Castle Age
18:34 Padded Archer Armor
18:25 Fletching
20:19 Hand Cart
20:18 Bow Saw
20:51 Heavy Plow
21:57 Gold Shaft Mining
29:17 Imperial Age
27:43 Leather Archer Armor
28:00 Bodkin Arrow
31:21 Elite Longbowman
32:31 Fortified Wall
33:37 Ballistics
34:41 Chemistry
35:34 Ring Archer Armor
38:53 Caravan
39:17 Yeomen
40:49 Bracer
ADRIANTRAX
10:32 Feudal Age
11:10 Horse Collar
11:31 Double-Bit Axe
11:40 Gold Mining
20:26 Castle Age
18:26 Stone Mining
20:14 Scale Mail Armor
20:21 Scale Barding Armor
23:08 Gold Shaft Mining
23:08 Stone Shaft Mining
23:58 Forging
26:24 Heavy Plow
33:41 Chain Mail Armor
Connection lost

Rejoining the realm…

Still unreachable

The connection could not be restored.

Session expired

The server has moved on; the page needs a fresh start.